 Dungeon Crawl Stone Soup version 0.29.1-4-g47bece8355 (webtiles) character file.

Game seed: 17582790491434571265

742 Pihi the Covered (level 7, -2/44 HPs)
             Began as a Gargoyle Fighter on Dec 8, 2022.
             Slain by an ogre
             ... wielding a +0 giant club
              (13 damage)
             ... on level 5 of the Dungeon.
             The game lasted 00:05:34 (4708 turns).

Pihi the Covered (Gargoyle Fighter)                 Turns: 4708, Time: 00:05:35

Health: -2/44      AC: 12    Str: 22    XL:     7   Next: 76%
Magic:  0/7        EV: 10    Int:  8    God:
Gold:   112        SH:  4    Dex:  9    Spells: 6/6 levels left

rFire   . . .      SeeInvis .   a - +0 flail
rCold   . . .      Faith    .   c - +0 buckler
rNeg    + . .      Spirit   +   b - +0 scale mail
rPois   ∞          Reflect  .   (no helmet)
rElec   +          Harm     .   (no cloak)
rCorr   .          Rampage  .   (no gloves)
Will    .....                   (no boots)
Stlth   ..........              h - amulet of guardian spirit
HPRegen 0.14/turn               (no ring)
MPRegen 0.10/turn               (no ring)

@: no status effects
A: sickness immunity, AC +4, negative energy resistance 1, electricity
resistance, torment resistance 1, petrification resistance
a: no special abilities


You were on level 5 of the Dungeon.
You visited 1 branch of the dungeon, and saw 5 of its levels.

You collected 112 gold pieces.

Inventory:

Hand Weapons
 a - a +0 flail (weapon)
Armour
 b - a +0 scale mail (worn)
 c - a +0 buckler (worn)
Jewellery
 h - an amulet of guardian spirit (around neck)
 q - a ring of resist corrosion
Scrolls
 i - 3 scrolls of vulnerability {unknown}
 j - a scroll of poison {unknown}
 k - 3 scrolls of teleportation {unknown}
 l - a scroll of fog {unknown}
 m - 2 scrolls of amnesia {unknown}
 n - a scroll of noise {unknown}
 o - a scroll of identify {unknown}
 p - 2 scrolls of immolation {unknown}
Potions
 d - 2 potions of might
 e - 3 potions of curing {unknown}
 f - a potion of lignification {unknown}
 g - a potion of magic {unknown}
 r - a potion of haste {unknown}


   Skills:
 + Level 4.8 Fighting
 + Level 5.4 Maces & Flails
 + Level 5.5 Armour
 + Level 1.6 Dodging
 + Level 1.2 Stealth
 + Level 4.4 Shields


You had 6 spell levels left.
You didn't know any spells.
Your spell library contained the following spells:

 Spells                   Type           Power      Damage    Failure   Level
 Static Discharge         Conj/Air       0%         3-3/arc   91%         2
 Wereblood                Tmut           0%         N/A       91%         2
 Dispel Undead            Necr           0%         3d6       100%        4
 Sticky Flame             Conj/Fire      0%         2d3       100%        4
 Summon Hydra             Summ           0%         N/A       100%        7
 Sublimation of Blood     Necr           Unusable   N/A       N/A         2

Dungeon Overview and Level Annotations

Branches:
Dungeon (5/15)
 Temple: D:4-7

Altars:
Fedhas


Innate Abilities, Weirdness & Mutations

You are immune to sickness and miasma.
Your stone body is resilient. (AC +4)
You are immune to poison.
You resist negative energy. (rN+)
You are resistant to electric shocks. (rElec)
You are resistant to unholy torment.
You are immune to petrification.


Message History

The magic dart hits you but does no damage.
You sock Blork the orc!
Blork the orc is heavily wounded.
You block Blork the orc's attack. x2
You closely miss Blork the orc.
Blork the orc is heavily wounded.
Blork the orc hits you with a +0 war axe!
You completely miss Blork the orc.
Blork the orc is heavily wounded.
Blork the orc closely misses you.
You closely miss Blork the orc.
Blork the orc is heavily wounded.
Blork the orc barely misses you.
You hit Blork the orc.
Blork the orc is heavily wounded.
Blork the orc closely misses you.
You hit Blork the orc.
Blork the orc is severely wounded.
Blork the orc barely misses you.
You barely miss Blork the orc.
Blork the orc is severely wounded.
You block Blork the orc's attack. x2
You hit Blork the orc but do no damage.
Blork the orc is severely wounded.
Blork the orc barely misses you.
You sock Blork the orc!
You kill Blork the orc!
You hit the ogre but do no damage. The ogre hits you with a +0 giant club!
You barely miss the ogre. The ogre hits you with a +0 giant club!
* * * LOW HITPOINT WARNING * * *
You hit the ogre.
The ogre is lightly wounded.
You hit the ogre.
The ogre is lightly wounded.
The ogre completely misses you.
The jelly jiggles.
You hit the ogre.
The ogre is moderately wounded.
The ogre hits you with a +0 giant club!
You die...

#. #. #. #.
#. #.
#>###.#####
#....JO@..#
#####.###.#
#. #.# #o
#.# :.
#.###### ##
#......#
######<#
#.# #.#


You could see an ogre and a jelly.

Vanquished Creatures
  An ogre (D:3)
  Blork the orc (D:5)
  A bullfrog (D:4)
  2 scorpions (D:5)
  A necrophage (D:4)
  2 howler monkeys
  A hound (D:4)
  A jelly (D:4)
  An iguana (D:5)
  8 adders
  2 ufetubi
  A worm (D:2)
  2 dart slugs
  5 orcs
  6 bats
  7 endoplasms
  3 giant cockroaches
  6 goblins
  5 hobgoblins
  9 jackals
  6 quokkas
  7 ball pythons
  3 frilled lizards
  12 kobolds
  5 rats
98 creatures vanquished.

Notes
Turn   | Place    | Note
-------+----------+-------------------------------------------
     0 | D:1      | Pihi the Gargoyle Fighter began the quest for the Orb.
     0 | D:1      | Reached XP level 1. HP: 14/14 MP: 1/1
   190 | D:1      | Reached XP level 2. HP: 19/19 MP: 2/2
   413 | D:1      | Reached XP level 3. HP: 14/24 MP: 3/3
   652 | D:1      | Found a faded altar of an unknown god.
   756 | D:1      | You fall into a shaft and drop 1 floor!
  1166 | D:2      | Reached XP level 4. HP: 29/29 MP: 4/4
  1877 | D:3      | Found a blossoming altar of Fedhas.
  2119 | D:3      | Noticed an ogre
  2129 | D:3      | Killed an ogre
  2130 | D:3      | Reached XP level 5. HP: 7/33 MP: 0/5
  2983 | D:4      | Reached XP level 6. HP: 27/39 MP: 3/6
  3258 | D:4      | Reached skill level 1 in Dodging
  3443 | D:4      | Reached XP level 7. HP: 41/44 MP: 7/7
  3587 | D:4      | Reached skill level 5 in Armour
  4282 | D:5      | Entered Level 5 of the Dungeon
  4297 | D:5      | Reached skill level 1 in Stealth
  4303 | D:5      | Reached skill level 5 in Maces & Flails
  4685 | D:5      | Noticed Blork the orc
  4703 | D:5      | Killed Blork the orc
  4708 | D:5      | Slain by an ogre

Illustrated notes

Levels and vault maps discovered:
D:1:      dpeg_arrival_subterranean_lakeside_camping, layout_rooms,
          ebering_ecumenical_altar_rust, serial_bayou_pond_e
D:2:      layout_basic, st_stairs_3, minmay_misc_feat_plants,
          serial_park_tiny_2, minmay_3d_cube
D:3:      layout_loops_cross, lemuel_crystal_altar
D:4:      layout_basic, enter_ossuary_3
D:5:      layout_loops_ring, kennysheep_donut, grunt_decor_clamped,
          minmay_small_thing, uniq_blork_the_orc

Skill      XL: |  1  2  3  4  5  6  7 |
---------------+----------------------+-----
Fighting       | 4 |  4.8
Maces & Flails | 3 4 5 |  5.4
Armour         | 4 5 |  5.5
Shields        | 4 |  4.4
Dodging        | 1 |  1.6
Stealth        | 1 |  1.2

Action                   |  1- 3 |  4- 6 |  7- 9 || total
-------------------------+-------+-------+-------++-------
Melee: Flail             |   126 |   183 |    94 ||   403
Armor: Scale mail        |   102 |   130 |    51 ||   283
Dodge: Dodged            |    68 |   132 |    46 ||   246
Block: Buckler           |    33 |    47 |    29 ||   109
